[Event "Lietuvos BM10-BM18"]
[Site "Vilnius"]
[Date "2021.06.05"]
[Round "6.1"]
[White "Likatavicius, Rapolas"]
[Black "Bagvilas, Lukas"]
[Result "0-1"]
[WhiteElo "1896"]
[BlackElo "2053"]
[PlyCount "130"]
[EventDate "2021.??.??"]
[TimeControl "90+30"]
[WhiteClock "0:04:03"]
[BlackClock "0:53:04"]

1. d4 e6 2. c4 d5 3. Nf3 c6 4. cxd5 exd5 5. Qc2 Nf6 6. Bg5 Be7 7. Nc3 O-O 8. e3 h6 9. Bh4 Re8 10. Bd3 Nbd7 11. O-O Ne4 12. Bg3 Nxg3 13. hxg3 Nf6 14. Bf5 Bd6 15. Nd2 h5 16. Rae1 Ng4 17. Bxc8 Rxc8 18. e4 dxe4 19. Rxe4 Rxe4 20. Qxe4 Qd7 21. Nf3 Re8 22. Qd3 Bc7 23. Re1 Rd8 24. Re2 Bb6 25. Na4 Bxd4 26. Nxd4 Qxd4 27. Qxd4 Rxd4 28. Nc3 f6 29. f3 Ne5 30. Ne4 Rd1+ 31. Kf2 Kf7 32. b3 b6 33.
Ke3 c5 34. Rd2 Rxd2 35. Kxd2 Ke6 36. Nc3 Nc6 37. Nb5 Kd7 38. Nc3 Ne7 39. Kd3 a6 40. Ke4 g6 41. Ne2 g5 42. g4 hxg4 43. fxg4 Ke6 44. Nc3 b5 45.
a4 b4 46. Nd1 Nc6 47. Ne3 Na5 48. Nd5 Nxb3 49. Nc7+ Kd6 50. Nxa6 Kc6 51. Kd3 Kb7 52. Nxb4 cxb4 53. Kc4 Nc5 54. Kxb4 Nxa4 55. Kxa4 Kc6 56. Kb4 Kd5 57. Kc3 Ke4 58. Kd2 Kf4 59. Ke2 Kxg4 60. Kf2 Kf4 61. Kf1 Kg3 62. Kg1 f5 63. Kf1 Kh2 64. Kf2 g4 65. g3 Kh3 0-1

[Event "Lietuvos BM10-BM18"]
[Site "Vilnius"]
[Date "2021.06.05"]
[Round "6.2"]
[White "Jablokov, Dmitrij"]
[Black "Bagdanskis, Dangis"]
[Result "1/2-1/2"]
[WhiteElo "1964"]
[BlackElo "1945"]
[PlyCount "31"]
[EventDate "2021.??.??"]
[TimeControl "90+30"]
[WhiteClock "1:09:24"]
[BlackClock "1:00:30"]

1. Nf3 Nf6 2. g3 d5 3. Bg2 e6 4. O-O Be7 5. c4 O-O 6. b3 c5 7. Bb2 Nc6 8.
cxd5 Nxd5 9. Nc3 Bf6 10. Qc1 b6 11. Nxd5 exd5 12. d4 Ba6 13. Re1 Nxd4 14. Nxd4 cxd4 15. Qd2 Re8 16. Bxd4 1/2-1/2

[Event "Lietuvos BM10-BM18"]
[Site "Vilnius"]
[Date "2021.06.05"]
[Round "6.3"]
[White "Butvilas, Aistis"]
[Black "Stremavicius, Pijus"]
[Result "1-0"]
[WhiteElo "2115"]
[BlackElo "2228"]
[PlyCount "67"]
[EventDate "2021.??.??"]
[TimeControl "90+30"]
[WhiteClock "0:41:57"]
[BlackClock "0:37:59"]

1. d4 e6 2. c4 Bb4+ 3. Bd2 a5 4. Nf3 d6 5. Nc3 Nf6 6. Qc2 Qe7 7. a3 Bxc3 8.
Bxc3 Nc6 9. e3 e5 10. d5 Nb8 11. b3 O-O 12. Be2 c6 13. dxc6 Nxc6 14. O-O d5 15. Rfd1 dxc4 16. bxc4 Nd7 17. Qb2 f6 18. h3 Nc5 19. Be1 Be6 20. Qb5 Rfc8 21. Rac1 Bd7 22. Qb2 Nd8 23. Nd2 Ba4 24. Nb1 Bxd1 25. Rxd1 Qe8 26. Nc3 Na4 27. Nxa4 Qxa4 28. Rd5 Qc6 29. Bxa5 Ne6 30. Qd2 b6 31. Rd6 Qe8 32. Bxb6 Nf8 33. c5 Ng6 34. c6 1-0

[Event "Lietuvos BM10-BM18"]
[Site "Vilnius"]
[Date "2021.06.05"]
[Round "6.4"]
[White "Ravlusevic, Evelina"]
[Black "Karaliute, Vestina"]
[Result "1-0"]
[WhiteElo "1749"]
[BlackElo "1307"]
[PlyCount "59"]
[EventDate "2021.??.??"]
[TimeControl "90+30"]
[WhiteClock "0:40:08"]
[BlackClock "0:46:55"]

1. d4 d5 2. c4 e5 3. dxe5 d4 4. Nf3 Nc6 5. g3 Bb4+ 6. Bd2 Qe7 7. Bg2 Be6 8. a3 Bxd2+ 9. Nbxd2 Qd7 10. O-O Bh3 11. Ne4 Bxg2 12. Kxg2 Nge7 13. Nc5 Qg4 14. h3 Qf5 15. b4 b6 16. Na6 Qc8 17. b5 Na5 18. c5 c6 19. Nxd4 cxb5 20. Nxb5 O-O 21. Nb4 bxc5 22. Nd6 Qe6 23. Nd3 Rfd8 24. f4 Rxd6 25. exd6 Nf5 26. Rf3 Ne3+ 27. Rxe3 Qxe3 28. Ne5 f6 29. Qd5+ Kh8 30. Qxa8# 1-0

[Event "Lietuvos BM10-BM18"]
[Site "Vilnius"]
[Date "2021.06.05"]
[Round "6.5"]
[White "Maciulaityte, Barbora"]
[Black "Meskauskaite, Gabija"]
[Result "1-0"]
[WhiteElo "1640"]
[BlackElo "1205"]
[PlyCount "67"]
[EventDate "2021.??.??"]
[TimeControl "90+30"]
[WhiteClock "0:50:47"]
[BlackClock "0:25:46"]

1. e4 e5 2. Nf3 Nc6 3. Bb5 Bc5 4. O-O Nf6 5. d3 O-O 6. c3 a5 7. Bxc6 bxc6 8.
Nxe5 Re8 9. Nf3 d5 10. exd5 cxd5 11. d4 Bd6 12. Bg5 Bg4 13. Nbd2 c6 14. Re1 Be7 15. Qc2 Qc7 16. Ne5 Rab8 17. Bxf6 Bh5 18. Bxe7 Rxe7 19. Nb3 Rbe8 20. Qd2 Qd6 21. Nc5 Qf6 22. Ned3 Re2 23. Rxe2 Rxe2 24. Re1 Rxe1+ 25. Qxe1 h6 26. b4 axb4 27. Nxb4 Qg6 28. Kh1 f5 29. Qe6+ Qxe6 30. Nxe6 Be8 31. a4 Bd7 32. Nc5 Bc8 33. Nxc6 Kf7 34. Na7 1-0

[Event "Lietuvos BM10-BM18"]
[Site "Vilnius"]
[Date "2021.06.05"]
[Round "6.6"]
[White "Greicius, Pijus"]
[Black "Posaskov, Nikita"]
[Result "1/2-1/2"]
[WhiteElo "2004"]
[BlackElo "1798"]
[PlyCount "51"]
[EventDate "2021.??.??"]
[TimeControl "90+30"]
[WhiteClock "0:10:04"]
[BlackClock "0:28:38"]

1. c4 Nf6 2. Nc3 e6 3. d4 d5 4. cxd5 exd5 5. Bg5 Be7 6. e3 O-O 7. Bd3 c6 8. Qc2 h6 9. Bh4 Re8 10. Nge2 Nbd7 11. O-O Ne4 12. Bxe7 Qxe7 13. Rae1 Nxc3 14. bxc3 Nf6 15. c4 dxc4 16. Bxc4 Be6 17. Bd3 Nd5 18. Qb2 Qb4 19. Rb1 Qxb2 20. Rxb2 b5 21. Rc1 Rac8 22. Rc5 Nb6 23.
Rc1 Bc4 24. Bxc4 Nxc4 25. Rbc2 Kf8 26. Kf1 1/2-1/2

[Event "Lietuvos BM10-BM18"]
[Site "Vilnius"]
[Date "2021.06.05"]
[Round "6.7"]
[White "Leclere, Daniel"]
[Black "Povilaitis, Tomas"]
[Result "1/2-1/2"]
[WhiteElo "1800"]
[BlackElo "1903"]
[PlyCount "110"]
[EventDate "2021.??.??"]
[TimeControl "90+30"]
[WhiteClock "1:01:18"]
[BlackClock "0:02:14"]

1. d4 Nf6 2. c4 e6 3. g3 d5 4. Nf3 Be7 5. Bg2 O-O 6. O-O dxc4 7. Ne5 Nc6 8.
Bxc6 bxc6 9. Nxc6 Qe8 10. Nxe7+ Qxe7 11. Qa4 e5 12. dxe5 Qxe5 13. Qxc4 Be6 14. Qc2 Nd5 15. e4 Nb4 16. Qe2 Qc5 17. Na3 Rfd8 18. Be3 Qc6 19. f3 Nxa2 20. Rfd1 Bb3 21. Rd3 Rxd3 22. Qxd3 Qe6 23. Bxa7 h5 24. Be3 c6 25. Nb1 Kh7 26. Nd2 Nb4 27. Qf1 Rd8 28.
Ra3 Nc2 29. Rxb3 Nxe3 30. Rxe3 Rxd2 31. Re2 Rd3 32. Kg2 Qb3 33. e5 Rd1 34. Qf2 Qd3 35. Rc2 g6 36. Re2 c5 37. Qe3 Qxe3 38.
Rxe3 Rd2+ 39. Kg1 Rxb2 40. Rc3 Rb5 41. f4 Kg7 42. Kf2 Kf8 43.
Ke3 Ke7 44. Ke4 Ke6 45. Rc4 f6 46. exf6 Kxf6 47. h3 Rb4 48. Rxb4 cxb4 49. g4 b3 50. Kd3 Ke6 51. Kc3 hxg4 52. hxg4 Kd5 53. Kxb3 Ke4 54. f5 gxf5 55. gxf5 Kxf5 1/2-1/2

[Event "Lietuvos BM10-BM18"]
[Site "Vilnius"]
[Date "2021.06.05"]
[Round "6.8"]
[White "Norkunas, Azuolas"]
[Black "Norkeliunas, Matas"]
[Result "1/2-1/2"]
[WhiteElo "1507"]
[BlackElo "1533"]
[PlyCount "130"]
[EventDate "2021.??.??"]
[TimeControl "90+30"]
[WhiteClock "0:02:20"]
[BlackClock "0:08:50"]

1. e4 c5 2. Nf3 d6 3. d4 cxd4 4. Nxd4 Nf6 5. Nc3 e5 6. Bb5+ Bd7 7. Bxd7+ Qxd7 8. Nb3 Nc6 9. f3 Be7 10. Be3 O-O 11. O-O Rad8 12. Nd5 h6 13. Qd2 Nh7 14. Nxe7+ Qxe7 15. g4 b6 16. c4 Qe6 17. Qe2 Ne7 18. Nd2 h5 19. h3 Ng6 20. Rfd1 Qf6 21. Nf1 Nf4 22. Bxf4 Qxf4 23. Qe3 Ng5 24. Kg2 Qf6 25. Ng3 hxg4 26. hxg4 Ne6 27. Ne2 Rc8 28. b3 b5 29. cxb5 Rc2 30. Rd2 Nf4+ 31. Kg1 Rfc8 32. Rad1 Qh4 33. Nxf4 R8c3 34. Ng2 Qh3 35. Qe2 Rxd2 36. Rxd2 Rxf3 37. Rxd6 Rc3 38. Qe1 Rg3 39. Qe2 Rxg4 40. Rd3 Rxg2+ 41. Qxg2 Qxd3 42. Qf2 Qb1+ 43. Kh2 Qxe4 44. Qxa7 Qe2+ 45. Kg3 Qxb5 46. Qa8+ Kh7 47. Qe4+ g6 48. Qf3 Kg7 49. Qc3 f5 50. a4 Qd5 51. a5 f4+ 52. Kf2 Qb5 53. b4 Kf6 54. Qc5 Qd3 55.
Qf8+ Kg5 56. Qe7+ Kg4 57. Qxe5 Qg3+ 58. Kf1 Qh3+ 59. Kf2 Qh2+ 60. Kf1 Qh1+ 61. Kf2 Qh4+ 62. Kf1 Qh3+ 63. Kf2 Qf3+ 64. Kg1 Qd1+ 65. Kf2 Qf3+ 1/2-1/2

[Event "Lietuvos BM10-BM18"]
[Site "Vilnius"]
[Date "2021.06.05"]
[Round "6.9"]
[White "Kuznecovas, Kevinas"]
[Black "Povilaitis, Matas"]
[Result "0-1"]
[WhiteElo "1978"]
[BlackElo "1625"]
[PlyCount "64"]
[EventDate "2021.??.??"]
[TimeControl "90+30"]
[WhiteClock "0:20:21"]
[BlackClock "0:06:43"]

1. e4 c5 2. Nf3 Nc6 3. Nc3 g6 4. d4 cxd4 5. Nxd4 Bg7 6. Be3 d6 7. Bc4 Nf6 8. f3 a6 9. Qd2 Nxd4 10. Bxd4 O-O 11. O-O-O b5 12. Bd3 Bb7 13. g4 Qa5 14. Kb1 b4 15. Ne2 e5 16. Be3 d5 17. g5 Ne8 18. h4 Nd6 19. Ng3 d4 20. Bg1 Nb5 21. Bc4 Rfc8 22. Bb3 Rab8 23. h5 Bc6 24. hxg6 hxg6 25. Rf1 Nc3+ 26. bxc3 bxc3 27. Qc1 Qc5 28. f4 a5 29. fxe5 a4 30. Rf6 axb3 31. cxb3 c2+ 32. Qxc2 Bxe4 0-1

[Event "Lietuvos BM10-BM18"]
[Site "Vilnius"]
[Date "2021.06.05"]
[Round "6.10"]
[White "Scekaciov, Rostislav"]
[Black "Liandzbergas, Mykolas"]
[Result "1-0"]
[WhiteElo "1515"]
[BlackElo "1430"]
[PlyCount "59"]
[EventDate "2021.??.??"]
[TimeControl "90+30"]
[WhiteClock "0:59:59"]
[BlackClock "1:11:23"]

1. d4 e6 2. Nf3 d5 3. g3 Nf6 4. Bg2 a6 5. O-O c5 6. dxc5 Bxc5 7. c4 O-O 8.
Bg5 h6 9. Bd2 Nc6 10. cxd5 Nxd5 11. Nc3 b5 12. Nxd5 exd5 13. Rc1 Qb6 14. Qc2 Bxf2+ 15. Rxf2 Bb7 16. Qc5 Qd8 17. Qc2 Qb6 18. Qd3 Rfe8 19. Rcf1 Rad8 20. Kh1 Rd7 21. a3 a5 22. Bc3 b4 23. axb4 axb4 24. Bd4 Qa5 25. Qf5 Rde7 26. Qg4 g6 27. Qh4 Rxe2 28. Rxe2 Rxe2 29. Qf6 Nxd4 30. Nxd4 1-0

[Event "Lietuvos BM10-BM18"]
[Site "Vilnius"]
[Date "2021.06.05"]
[Round "6.11"]
[White "Pidluznij, Gleb"]
[Black "Gavenavicius, Karolis"]
[Result "1-0"]
[WhiteElo "2016"]
[BlackElo "1168"]
[PlyCount "63"]
[EventDate "2021.??.??"]
[TimeControl "90+30"]
[WhiteClock "0:03:27"]
[BlackClock "0:05:00"]

1. e4 c5 2. Nf3 e6 3. g3 d5 4. exd5 exd5 5. Bg2 Nf6 6. O-O Nc6 7. d4 c4 8. b3 cxb3 9. axb3 Be7 10. c4 h6 11. Ne5 Be6 12. Ba3 O-O 13.
Nxc6 bxc6 14. Bxe7 Qxe7 15. c5 Qd7 16. Ra4 Bh3 17. Nc3 Bxg2 18.
Kxg2 Rfb8 19. b4 Rb7 20. Qd3 Rab8 21. Rb1 Ne8 22. b5 cxb5 23. Ra6 Nc7 24. Rd6 Qe8 25. Nxd5 Nxd5 26. Rxd5 b4 27. Qf3 Rc7 28. Rd6 a5 29. Rb6 Rxb6 30. cxb6 Rc6 31. Re1 Qc8 32. Re7 1-0

[Event "Lietuvos BM10-BM18"]
[Site "Vilnius"]
[Date "2021.06.05"]
[Round "6.12"]
[White "Uckuronis, Aleksandras"]
[Black "Milius, Ignas"]
[Result "1/2-1/2"]
[WhiteElo "1295"]
[BlackElo "1331"]
[PlyCount "47"]
[EventDate "2021.??.??"]
[TimeControl "90+30"]
[WhiteClock "1:19:53"]
[BlackClock "1:01:48"]

1. Nf3 d5 2. d4 Bf5 3. Bf4 e6 4. e3 c5 5. c3 Nc6 6. Bd3 Bg6 7. Bxg6 hxg6 8.
h3 cxd4 9. exd4 Bd6 10. Bxd6 Qxd6 11. Qe2 Nf6 12. Nbd2 Nh5 13.
Qb5 O-O 14. O-O a6 15. Qe2 b5 16. Qe3 Rfe8 17. Ne5 Nf6 18. Rfe1 Nd7 19. Nxc6 Qxc6 20. Qf4 Nb6 21. Nf3 Nc4 22. Ne5 Qc7 23. Rab1 Nxe5 24. Ra1 1/2-1/2

[Event "Lietuvos BM10-BM18"]
[Site "Vilnius"]
[Date "2021.06.05"]
[Round "6.13"]
[White "Dudnikas, Motiejus"]
[Black "Rudzkis, Vilius"]
[Result "1/2-1/2"]
[WhiteElo "1323"]
[BlackElo "1811"]
[PlyCount "58"]
[EventDate "2021.??.??"]
[TimeControl "90+30"]
[WhiteClock "0:08:48"]
[BlackClock "0:26:05"]

1. d4 Nf6 2. Bg5 d5 3. e3 Nbd7 4. Bd3 c5 5. c3 g6 6. Nd2 Bg7 7. f4 a6 8. Ngf3 b5 9. Ne5 Bb7 10. O-O O-O 11. Qe1 Qc7 12. Ndf3 e6 13. Qh4 c4 14. Be2 Ne4 15.
Bh6 Qd8 16. Ng5 Nxg5 17. fxg5 Bxe5 18. Bxf8 Qxf8 19. dxe5 Nxe5 20.
Qf4 Qg7 21. Rf2 Bc6 22. Raf1 a5 23. Qd4 Be8 24. Qb6 a4 25. Qb7 Bc6 26. Qc7 Be8 27. Qd6 Rc8 28. Qb6 Ra8 29. Qd4 Nc6 1/2-1/2

[Event "Lietuvos BM10-BM18"]
[Site "Vilnius"]
[Date "2021.06.05"]
[Round "6.14"]
[White "Paknyte, Beatrice"]
[Black "Mickunaite, Agne"]
[Result "1-0"]
[WhiteElo "1201"]
[BlackElo "1216"]
[PlyCount "101"]
[EventDate "2021.??.??"]
[TimeControl "90+30"]
[WhiteClock "0:07:05"]
[BlackClock "0:06:04"]

1. e4 e5 2. Nf3 Nc6 3. Bc4 Bc5 4. c3 d6 5. d4 exd4 6. cxd4 Bb4+ 7. Bd2 Bxd2+ 8. Nbxd2 a6 9. d5 Nce7 10. h3 b5 11. Bb3 Ng6 12. a4 Bd7 13. axb5 Bxb5 14. Ba4 Bxa4 15. Qxa4+ Qd7 16. Qxd7+ Kxd7 17. O-O N8e7 18. Nd4 Nc8 19. Ra2 Nce7 20. Ra4 Rhb8 21. b3 c5 22. N4f3 h6 23. Rfa1 Rb6 24. R1a3 Nc8 25. Nc4 Rb7 26. Nfd2 Rba7 27. b4 cxb4 28. Rxb4 Nge7 29. Na5 g5 30. Ndc4 f6 31. Nb6+ Nxb6 32. Rxb6 Nc8 33. Rc6 f5 34. f3 fxe4 35. fxe4 Rb8 36. Rf3 Ne7 37. Rc4 Raa8 38. Rf6 h5 39. Nc6 Rf8 40. Re6 Nc8 41. Rg6 g4 42. hxg4 hxg4 43. Rxg4 Ke8 44. Na5 Ne7 45. Rh4 Rg8 46. Rh6 Kd7 47. Nb7 Nc8 48.
Rc6 Rb8 49. Rh7+ Ke8 50. Rcc7 Kf8 51. Rcd7 1-0

[Event "Lietuvos BM10-BM18"]
[Site "Vilnius"]
[Date "2021.06.05"]
[Round "6.16"]
[White "Morkunas, Gustas"]
[Black "Ser, Daniel"]
[Result "1/2-1/2"]
[WhiteElo "1704"]
[BlackElo "1347"]
[PlyCount "45"]
[EventDate "2021.??.??"]
[TimeControl "90+30"]
[WhiteClock "0:44:32"]
[BlackClock "1:17:42"]

1. e4 e6 2. d4 d5 3. Nc3 Bb4 4. Nge2 dxe4 5. a3 Be7 6. Nxe4 Nf6 7. Nxf6+ Bxf6 8. Be3 O-O 9. Qd2 c5 10. c3 cxd4 11. Nxd4 b6 12. Be2 Bb7 13.
O-O Qe7 14. Rad1 Rd8 15. Qc2 Nc6 16. Nf3 Rac8 17. Nd2 Nd4 18. Bxd4 Rxd4 19. Bf3 Bxf3 20. Nxf3 Rxd1 21. Rxd1 Rd8 22. Rxd8+ Qxd8 23.
Qd2 1/2-1/2

[Event "Lietuvos BM10-BM18"]
[Site "Vilnius"]
[Date "2021.06.05"]
[Round "6.17"]
[White "Skyrius, Aronas"]
[Black "Misiuk, Martynas"]
[Result "0-1"]
[WhiteElo "1274"]
[BlackElo "1627"]
[PlyCount "58"]
[EventDate "2021.??.??"]
[TimeControl "90+30"]
[WhiteClock "0:08:55"]
[BlackClock "0:58:23"]

1. d4 Nf6 2. c4 g6 3. Nc3 d5 4. Nf3 Bg7 5. Qb3 c6 6. Bf4 dxc4 7. Qxc4 Bf5 8.
e3 O-O 9. Qb3 b5 10. Be2 a5 11. O-O a4 12. Qd1 Qa5 13. a3 Nbd7 14. Nd2 Nd5 15. Nxd5 cxd5 16. Bf3 Nb6 17. Bc7 Rac8 18. Bxb6 Qxb6 19. Bxd5 Rfd8 20. Bf3 Bxd4 21. exd4 Qxd4 22. Be2 Qxb2 23. Nc4 bxc4 24. Qe1 c3 25. Bf3 c2 26. Qc1 Qxc1 27. Rfxc1 Rb8 28. Kf1 Rb1 29. Ke1 Rdb8 0-1

[Event "Lietuvos BM10-BM18"]
[Site "Vilnius"]
[Date "2021.06.05"]
[Round "6.21"]
[White "Norkeliunas, Sarunas"]
[Black "Dijokas, Jokubas"]
[Result "1/2-1/2"]
[WhiteElo "1168"]
[BlackElo "1209"]
[PlyCount "82"]
[EventDate "2021.??.??"]
[TimeControl "90+30"]
[WhiteClock "0:12:05"]
[BlackClock "0:09:10"]

1. e4 e6 2. d4 d5 3. exd5 exd5 4. Bd3 Nf6 5. Bf4 c5 6. c3 Be7 7. Nf3 Bg4 8.
Nbd2 cxd4 9. cxd4 Nc6 10. Qb3 Qc8 11. O-O O-O 12. Rac1 Bd7 13.
Rfe1 Re8 14. Ne5 a6 15. Nf1 h6 16. Ne3 Be6 17. Rc2 Nh5 18. Bg3 Nxg3 19. hxg3 Rd8 20. Qb6 Rd6 21. Rec1 Bd8 22. Nxc6 Qd7 23. Qb3 bxc6 24. Qa4 Qb7 25. b3 Bd7 26. Bf5 Be8 27. Qa3 Be7 28. Qb2 Rb8 29. Re2 h5 30.
Rce1 Kf8 31. Nxd5 cxd5 32. Rxe7 Qxe7 33. Rxe7 Kxe7 34. Qe2+ Kf8 35. Qxh5 Rh6 36. Qf3 Rd8 37. Qc3 Rdd6 38. Qb4 Kg8 39. Qb8 Kf8 40. Qb4 Kg8 41. Qe1 Kf8 1/2-1/2

[Event "Lietuvos BM10-BM18"]
[Site "Vilnius"]
[Date "2021.06.05"]
[Round "6.22"]
[White "Kavalnis, Rytis"]
[Black "Jankevicius, Justas"]
[Result "1-0"]
[WhiteElo "1347"]
[BlackElo "1106"]
[PlyCount "119"]
[EventDate "2021.??.??"]
[TimeControl "90+30"]
[WhiteClock "0:57:13"]
[BlackClock "1:12:15"]

1. e4 e5 2. Nf3 Nc6 3. Bc4 Bc5 4. O-O d6 5. d3 h6 6. h3 Nf6 7. Nc3 O-O 8.
Na4 Bb6 9. Nxb6 axb6 10. Bb5 Bd7 11. Re1 Ne7 12. Bxd7 Qxd7 13. b3 Ng6 14. d4 exd4 15. Qxd4 Rfe8 16. Bxh6 c5 17. Qc3 b5 18. Nd2 b4 19. Qb2 b5 20. Bg5 Nh7 21. Be3 Ra6 22. c3 bxc3 23. Qxc3 b4 24. Qc2 Rea8 25. Nc4 Qc6 26. Red1 Rd8 27. Rd2 Nh4 28. f3 d5 29. exd5 Rxd5 30.
Rxd5 Qxd5 31. Rd1 Qh5 32. Rd8+ Nf8 33. Rc8 Rg6 34. Qd3 Nxf3+ 35. Kh1 Qh4 36. Bf2 Qxf2 37. Rxf8+ Kh7 38. Qxf3 Qe1+ 39. Kh2 Qe7 40. Rxf7 Qe6 41. Qh5+ Kg8 42. Qf5 Qxf7 43. Qxf7+ Kxf7 44. Ne5+ Kf6 45. Nxg6 Kxg6 46. Kg3 Kf5 47. Kf3 Ke5 48. Ke3 g6 49. g3 Kd5 50. Kd3 Ke5 51. Kc4 Ke4 52. Kxc5 Kf3 53. Kxb4 Kxg3 54. a4 Kxh3 55. a5 g5 56. a6 g4 57. a7 g3 58. a8=Q g2 59. Kc4 g1=Q 60. Qh8+ 1-0

[Event "Lietuvos BM10-BM18"]
[Site "Vilnius"]
[Date "2021.06.05"]
[Round "6.23"]
[White "Remeika, Vytenis"]
[Black "Mikalajunas, Gytis"]
[Result "1-0"]
[WhiteElo "1143"]
[BlackElo "1042"]
[PlyCount "61"]
[EventDate "2021.??.??"]
[TimeControl "90+30"]
[WhiteClock "1:08:06"]
[BlackClock "1:12:41"]

1. c4 e5 2. Nc3 Nf6 3. g3 Nc6 4. Bg2 b6 5. e3 Bc5 6. Nge2 Bb7 7. d4 exd4 8.
exd4 Bb4 9. O-O Qe7 10. Bg5 O-O-O 11. a3 Bxc3 12. Nxc3 h6 13.
Be3 d6 14. b4 Rd7 15. Bh3 Qd8 16. Bf4 Kb8 17. Bxd7 Qxd7 18. d5 Nd8 19. Kg2 g5 20. Be3 Rg8 21. a4 h5 22. a5 h4 23. axb6 cxb6 24. Qa4 h3+ 25.
Kg1 Qf5 26. Qxa7+ Kc8 27. Rfc1 Ng4 28. Qxb6 Kd7 29. Nb5 Nxe3 30. Qxd6+ Ke8 31. Nc7# 1-0